Map: Ephemeron LE

Players

elelbrujo

  • Race: Protoss Protoss
  • League: Platinum
  • Spawn Location: 5:00

pHARM - Winner!

  • Race: Zerg Zerg
  • League: Platinum
  • Spawn Location: 11:00

VOD

Have the link to the VOD?

Description

Time

  • Played on: Sept. 1, 2019, 6:37 p.m.
  • Length: 8:31
Show
View Real Time Build Order
Export as new Build Order

elelbrujo Protoss 

Build Orders: 1 Gate Expand, Phoenix Opening 

Get SALT Encoding   

  12  0:06  Probe  
  13  0:18  Probe  
  14  0:22  Pylon  
  14  0:30  Probe  
  15  0:43  Probe  
  15  0:44  Gateway  
  16  0:51  Assimilator  
  16  0:55  Probe  
  17  1:04  Probe  
  17  1:12  Probe  
  18  1:21  Probe  
  19  1:33  Probe  
  19  1:35  Nexus  
  20  1:45  Cybernetics Core  
  20  1:50  Assimilator  
  20  1:52  Probe  
  21  1:59  Pylon  
  21  2:04  Probe  
  22  2:12  Adept  
  22  2:17  Probe  
  25  2:32  Stargate  
  25  2:37  Gateway  
  25  2:41  Adept  
  25  2:43  Warp Gate  
  27  2:45  Probe  
  27  2:49  Probe  
  29  2:53  Probe  
  30  3:01  Probe  
  30  3:02  Pylon  
  31  3:19  Probe  
  32  3:20  Probe  
  33  3:31  Probe, Phoenix  
  34  3:46  Twilight Council, Probe x2  
  36  3:52  Robotics Facility  
  36  3:58  Probe x2  
  38  4:10  Probe x2  
  38  4:12  Pylon  
  38  4:16  Pylon  
  40  4:19  Resonating Glaives  
  40  4:22  Probe x2  
  42  4:34  Probe x2  
  44  4:40  Gateway  
  44  4:41  Gateway  
  44  4:43  Gateway  
  44  4:46  Warp Prism, Probe x2  
  48  4:56  Gateway  
  48  4:58  Gateway, Probe x2  
  50  5:10  Gateway  
  50  5:11  Pylon  
  50  5:18  Assimilator  
  50  5:19  Assimilator  
  50  5:23  Pylon  
  50  5:26  Pylon  
  50  5:31  Pylon  
  50  5:49  Charge  
  50  5:55  Adept x7  
  64  6:17  Adept x6  
  64  6:18  Adept x2  
  80  6:44  Adept  
  80  6:45  Adept x7  
  96  7:06  Zealot x3  
  96  7:21  Zealot x3  
  96  7:22  Zealot x2  
  64  7:38  Stalker x3  
Show
View Real Time Build Order
Export as new Build Order

pHARM Zerg - Winner!

Build Orders: Hatch First 

Get SALT Encoding   

  12  0:02  Drone  
  13  0:14  Overlord  
  13  0:20  Drone  
  14  0:33  Drone x2  
  16  0:52  Hatchery  
  15  0:59  Drone x2  
  15  1:00  Drone  
  18  1:10  Drone  
  19  1:26  Spawning Pool  
  19  1:27  Drone  
  19  1:37  Drone  
  20  1:46  Drone  
  21  1:50  Extractor  
  20  1:56  Drone  
  21  2:12  Queen x2  
  21  2:13  Drone  
  21  2:14  Drone  
  27  2:17  Drone  
  28  2:23  Overlord  
  28  2:42  Drone x4  
  32  2:52  Drone x2  
  32  2:55  Queen  
  32  2:56  Metabolic Boost  
  36  3:02  Overlord  
  36  3:05  Overlord  
  36  3:19  Queen  
  36  3:21  Drone x6  
  42  3:37  Drone x2  
  42  3:38  Drone x3  
  46  3:41  Lair  
  46  3:48  Extractor  
  45  3:49  Extractor  
  45  3:51  Drone x3  
  47  4:06  Spore Crawler  
  46  4:10  Spore Crawler  
  45  4:21  Overlord x2  
  45  4:22  Overlord x2  
  45  4:28  Overlord x3  
  45  4:32  Hatchery  
  44  4:45  Drone x4  
  48  4:49  Drone  
  49  4:57  Roach Warren  
  49  4:59  Evolution Chamber x2  
  46  5:01  Drone x2  
  48  5:29  Hydralisk Den  
  48  5:31  Zerg Ground Armor Level 1, Zerg Missile Weapons Level 1  
  47  5:36  Glial Reconstitution  
  47  5:43  Roach x12  
  47  5:47  Drone  
  72  6:07  Roach x7  
  86  6:22  Grooved Spines  
  86  6:25  Drone  
  87  6:32  Overlord x6  
  87  7:07  Roach x11  
  109  7:15  Roach  
  105  7:24  Roach x6  
  105  7:25  Roach x2  
  105  7:29  Roach  
  115  7:36  Extractor  
  106  7:39  Roach x2  
Tags
 
Add a new tag
Caveats
  • Supply blocks, unpowered buildings, or Contaminate may cause inaccurate times.
  • Supply counts are checked every 10 seconds.